 Dungeon Crawl Stone Soup version 0.31-a0-1540-g5a0b83f448 (webtiles) character file.

Game seed: 10971007176763890258

23950 grandjackal the Demonic Cataclysm (level 12, -11/100 HPs)
             Began as a Demonspawn Gladiator on Jan 1, 2024.
             Was a High Priest of Qazlal.
             Mangled by Saint Roka
             ... wielding a +3 war axe of electrocution
              (17 damage)
             ... on level 2 of the Orcish Mines.
             The game lasted 00:14:59 (12588 turns).

grandjackal the Demonic Cataclysm (DsGl)           Turns: 12588, Time: 00:15:01

Health: -11/100    AC: 32    Str: 24    XL:     12   Next: 76%
Magic:  22/22      EV:  8    Int:  7    God:    Qazlal [*****.]
Gold:   715        SH: 12    Dex: 15    Spells: 11/11 levels left

rFire   + . .        D - +5 broad axe
rCold   . . .        (no shield)
rNeg    . . .        l - +14 plate armour of the Evening {rF+ Slay+4}
rPois   .            c - +0 helmet
rElec   .            x - +0 cloak
rCorr   .            t - +0 pair of gloves
SInv    .            (no boots)
Will    +++..        O - necklace of Bloodlust {Fury *Rage Will++ Int-3 Slay+6} Stlth
                     G - +6 ring of strength
HPRegen 0.36/turn    v - ring of willpower
MPRegen 0.18/turn

%: random rage (50%), repel missiles
@: about to teleport, protected from physical damage, on berserk cooldown,
slowed, very slow
A: large bone plates 2, demonic guardian 1, spiny 1, demonic touch 2
a: Renounce Religion, Upheaval, Elemental Force, Disaster Area


You were on level 2 of the Orcish Mines.
You worshipped Qazlal.
Qazlal was extremely pleased with you.
You visited 2 branches of the dungeon, and saw 14 of its levels.
You also visited: Bailey.

You collected 1360 gold pieces.
You spent 645 gold pieces at shops.

Inventory:

Hand Weapons
 D - a +5 broad axe (weapon)
 N - a +0 eveningstar of draining
Missiles
 d - 6 throwing nets (quivered)
 e - 7 javelins
Armour
 c - a +0 helmet (worn)
 l - the +14 plate armour of the Evening (worn) {rF+ Slay+4}
   (You found it on level 2 of the Dungeon)

   Slay+4:    It affects your accuracy & damage with ranged weapons and melee
   (+4).
   rF+:       It protects you from fire.
 t - a +0 pair of gloves (worn)
 x - a +0 cloak (worn)
 C - a +0 kite shield
Jewellery
 k - a +4 ring of protection
 p - the ring of Xida {Fire Will+ Int+3 Dex+3}
   (You took it off a deep elf pyromancer on level 10 of the Dungeon)

   [ring of fire]

   Fire:      It enhances your fire magic.
   Int+3:     It affects your intelligence (+3).
   Dex+3:     It affects your dexterity (+3).
   rF+:       It protects you from fire.
   rC-:       It makes you vulnerable to cold.
   Will+:     It increases your willpower.
 v - a ring of willpower (right hand)
 w - a ring of positive energy
 G - a +6 ring of strength (left hand)
 H - a ring of see invisible
 O - the necklace of Bloodlust (around neck) {Fury *Rage Will++ Int-3 Slay+6}
   (You bought it in a shop on level 7 of the Dungeon)

   [amulet of nothing]

   Fury:      It extends the wearer's berserk rage when killing foes.
   Int-3:     It affects your intelligence (-3).
   Slay+6:    It affects your accuracy & damage with ranged weapons and melee
   (+6).
   Will++:    It greatly increases your willpower.
   *Rage:     It berserks you when you make melee attacks (+50% chance).
 P - an amulet of magic regeneration
Wands
 u - a wand of acid (8)
 y - a wand of roots (29)
 B - a wand of mindburst (13)
 I - a wand of charming (13)
Scrolls
 a - 2 scrolls of poison {unknown}
 g - 5 scrolls of revelation
 j - 3 scrolls of identify
 n - 2 scrolls of enchant armour {unknown}
 r - a scroll of blinking
 s - 2 scrolls of vulnerability
 z - a scroll of torment {unknown}
 E - a scroll of acquirement {unknown}
 J - 2 scrolls of fear {unknown}
 K - a scroll of fog {unknown}
 L - a scroll of summoning
 M - a scroll of immolation {unknown}
Potions
 b - 4 potions of heal wounds
 f - 6 potions of curing
 h - a potion of mutation {unknown}
 i - 4 potions of attraction
 m - 2 potions of might
 o - 2 potions of lignification
 q - 4 potions of brilliance
 A - 2 potions of haste


   Skills:
 + Level 11.4 Fighting
 + Level 10.6 Axes
 - Level 2.0 Throwing
 - Level 4.0 Armour
 - Level 3.0 Dodging
 + Level 8.8 Shields
 + Level 13.6 Invocations


You had 11 spell levels left.
You didn't know any spells.
Your spell library contained the following spells:

 Spells                   Type           Power      Damage    Failure   Level
 Sting                    Conj/Alch      0%         1d3       100%        1
 Call Imp                 Summ           0%         N/A       100%        2
 Mercury Vapours          Alch/Air       0%         N/A       100%        2
 Sublimation of Blood     Necr           0%         N/A       100%        2
 Olgreb's Toxic Radiance  Alch           0%         N/A       100%        4
 Summon Hydra             Summ           0%         N/A       100%        7


Dungeon Overview and Level Annotations

Branches:
Dungeon (12/15)            Temple (0/1) D:6            Lair (0/5) D:9
    Orc (2/2) D:12            Elf (0/3) Orc:2        Bailey (visited)

Altars:
Dithmenos
Fedhas
Gozag
Kikubaaqudgha
Nemelex Xobeh
Qazlal
Ru
Uskayaw
Vehumet
Wu Jian

Shops:
D:7 =   Orc:1 ((   Orc:2 :

Portals:
Trove: D:11 (give 8 potions of haste)

Annotations:
Orc:2 Saint Roka


Innate Abilities, Weirdness & Mutations

You are mostly covered in large bone plates. (SH +6)
A weak demonic guardian rushes to your aid.
You are partially covered in sharp spines.
Your touch may inflict irresistible damage on your foes.


Message History

You slash Saint Roka! Saint Roka hits you but does no damage.
Unknown command.
Unknown command.
You hit Saint Roka.
Saint Roka is lightly wounded.
You slice Saint Roka!!
Saint Roka is lightly wounded.
Saint Roka calls down the wrath of Beogh upon you.
Beogh smites you!
* * * LOW HITPOINT WARNING * * *
A demonic guardian appears!
Your orange demon barely misses Saint Roka.
You are no longer berserk.
You are exhausted.
You feel yourself slow down.
The orc warrior hits your orange demon with a +0 battleaxe!
Things that are here:
a +0 falchion; a +0 ring mail You feel much better.
Your orange demon stings Saint Roka from afar.
Your ufetubus hits Saint Roka but does no damage. x2
The orc warrior hits your orange demon with a +0 battleaxe!!
You block Saint Roka's attack.
Saint Roka hits your ufetubus with a +3 war axe of electrocution!!
Your ufetubus dies!
Your ufetubus disappears in a puff of smoke!
Your orange demon barely misses Saint Roka.
As you read the scroll of teleportation, it crumbles to dust.
You feel strangely unstable.
The orc warrior hits your orange demon with a +0 battleaxe!!
Saint Roka is engulfed in blazing flames.
Saint Roka is struck by your spines.
Saint Roka hits you with a +3 war axe of electrocution!!
* * * LOW HITPOINT WARNING * * *
You feel protected from physical attacks.
Your orange demon stings the orc warrior but does no damage.
Saint Roka is engulfed in blazing flames.
Saint Roka hits you with a +3 war axe of electrocution!
You die...
Saint Roka roars, "Praise to Beogh!"

..............##### ##...........
..............###.####...#.###...
............................#....
...............##########....#...
..............## ..# ###......
.............# ..# ##....<
........$..#### ..# #.....
.........)#.8##'###'## ##....
........8.))°@o○...... #....
..........)))○°§.8.... #..>.
........8)')))4)...... #....
..........#.8##o###'## ##.##.
..........#### o.# .# #.....
.......... ..# # ##..##.
......... ..# ###...... ..$......
### ##........ ..........
...........


You could see Saint Roka, an orc sorcerer (strong), an orc warrior (strong, ally
target) and a friendly orange demon (summoned).

Vanquished Creatures
  Snorg (Orc:1)
  2 vault guards (Bailey)
  Erica (Orc:1)
  3 two-headed ogres
  An orc high priest (Orc:2)
  Urug (D:11)
  An orc knight (D:10)
  3 deep elf pyromancers
  3 orc sorcerers (Orc:1)
  An ugly thing (D:12)
  A cyclops (D:12)
  2 kobold blastminers (Orc:2)
  Joseph (D:7)
  A gargoyle (D:11)
  A kobold demonologist (D:11)
  Jeremiah (D:9)
  2 hornets
  5 trolls
  A polar bear (shapeshifter) (D:12)
  Prince Ribbit (Bailey)
  Grinder (D:3)
  2 shadows
  11 yaks
  8 humans (Bailey)
  A vampire (D:11)
  2 steam dragons
  3 vampire mosquitoes (D:11)
  Menkaure (D:4)
  5 wargs
  Edmund (D:5)
  2 ice beasts
  A sky beast (D:8)
  5 ogres
  19 orc warriors
  2 black bears
  3 centaurs
  A phantom (D:5)
  4 kobold brigands
  A gnoll sergeant (D:10)
  4 scorpions
  9 bullfrogs
  8 wights
  5 killer bees (D:7)
  2 howler monkeys
  6 bombardier beetles
  4 hounds
  10 orc priests
  Crazy Yiuf (D:3)
  2 sleepcaps
  A gnoll bouda (D:9)
  3 iguanas
  Ijyb (D:3)
  Natasha (thrice) (D:2)
  20 orc wizards
  Robin (D:3)
  12 gnolls
  9 adders
  A white imp (D:5)
  2 ufetubi (D:5)
  A dart slug (D:3)
  2 ribbon worms
  77 orcs
  13 endoplasms
  2 giant cockroaches (D:2)
  19 goblins
  10 hobgoblins
  16 kobolds
  A quokka (D:3)
  7 ball pythons
  4 bats
  4 frilled lizards
  11 rats
377 creatures vanquished.

Vanquished Creatures (collateral kills)
  An orc (Orc:1)
1 creature vanquished.

Vanquished Creatures (others)
  An orc (D:10)
1 creature vanquished.

Grand Total: 379 creatures vanquished

Notes
Turn   | Place    | Note
-------+----------+-------------------------------------------
     0 | D:1      | grandjackal the Demonspawn Gladiator began the quest for
                  | the Orb.
     0 | D:1      | Reached XP level 1. HP: 16/16 MP: 1/1
   266 | D:1      | Gained mutation: You are partially covered in sharp spines.
                  | [demonic ancestry]
   266 | D:1      | Reached XP level 2. HP: 18/22 MP: 2/2
   754 | D:2      | Noticed Natasha
   764 | D:2      | Killed Natasha
   765 | D:2      | Reached XP level 3. HP: 14/28 MP: 3/3
   869 | D:2      | Noticed Natasha
   876 | D:2      | Killed Natasha
   877 | D:2      | Reached XP level 4. HP: 27/35 MP: 4/4
   900 | D:2      | Noticed Natasha
   906 | D:2      | Killed Natasha
   935 | D:2      | Identified the +14 plate armour of the Evening {rF+ Slay+4}
  1025 | D:2      | Found a sparkling altar of Nemelex Xobeh.
  1644 | D:3      | Found a stormy altar of Qazlal.
  1648 | D:3      | Found an ornate altar of the Wu Jian Council.
  1651 | D:3      | Found a sparkling altar of Nemelex Xobeh.
  1652 | D:3      | Found a sacrificial altar of Ru.
  1653 | D:3      | Found an ancient bone altar of Kikubaaqudgha.
  1653 | D:3      | Found a blossoming altar of Fedhas.
  1653 | D:3      | Found an opulent altar of Gozag.
  1656 | D:3      | Found a radiant altar of Vehumet.
  1657 | D:3      | Found a hide-covered altar of Uskayaw.
  1734 | D:3      | Gained mutation: You are partially covered in large bone
                  | plates. (SH +4) [demonic ancestry]
  1734 | D:3      | Reached XP level 5. HP: 36/42 MP: 5/5
  1813 | D:3      | Became a worshipper of Qazlal Stormbringer
  1941 | D:3      | Noticed Ijyb
  1958 | D:3      | Killed Ijyb
  1959 | D:3      | Reached skill level 1 in Armour
  2119 | D:3      | Noticed Robin
  2129 | D:3      | Reached skill level 1 in Invocations
  2134 | D:3      | Killed Robin
  2248 | D:3      | Reached skill level 2 in Invocations
  2248 | D:3      | Reached XP level 6. HP: 44/48 MP: 7/7
  2449 | D:3      | Noticed Grinder
  2458 | D:3      | Killed Grinder
  2459 | D:3      | Reached skill level 3 in Invocations
  2545 | D:3      | Found a faded altar of an unknown god.
  2551 | D:3      | Reached * piety under Qazlal
  2737 | D:3      | Found a runed translucent door.
  2738 | D:3      | Noticed Crazy Yiuf
  2745 | D:3      | Killed Crazy Yiuf
  2746 | D:3      | Gained mutation: Your touch may inflict minor irresistible
                  | damage on your foes. [demonic ancestry]
  2746 | D:3      | Reached XP level 7. HP: 34/55 MP: 9/9
  3021 | D:4      | Found a shadowy altar of Dithmenos.
  3144 | D:4      | Noticed Menkaure
  3148 | D:4      | Killed Menkaure
  3149 | D:4      | Reached skill level 5 in Fighting
  3149 | D:4      | Reached skill level 5 in Axes
  3149 | D:4      | Reached skill level 4 in Invocations
  3241 | D:4      | Identified the +11 dagger of Hodarph {drain, Will+ rCorr}
  3637 | D:5      | Entered Level 5 of the Dungeon
  3709 | D:5      | Gained mutation: Your touch may inflict irresistible damage
                  | on your foes. [demonic ancestry]
  3709 | D:5      | Reached XP level 8. HP: 57/62 MP: 11/11
  3801 | D:5      | Reached skill level 5 in Invocations
  4004 | D:5      | You fall into a shaft and drop 2 floors!
  4060 | D:7      | Reached ** piety under Qazlal
  4065 | D:7      | Reached skill level 6 in Invocations
  4081 | D:7      | Reached skill level 1 in Shields
  4100 | D:7      | Reached XP level 9. HP: 31/71 MP: 14/14
  4398 | D:5      | Noticed Edmund
  4413 | D:5      | Killed Edmund
  4414 | D:5      | Reached skill level 7 in Invocations
  4522 | D:5      | Identified the +3 ring mail of the Lily {rCorr Dex+6}
  4796 | D:6      | Found a staircase to the Ecumenical Temple.
  5347 | D:7      | Found Isoiduum's Jewellery Boutique.
  5415 | D:7      | Reached *** piety under Qazlal
  5539 | D:7      | Noticed Joseph
  5548 | D:7      | Killed Joseph
  5549 | D:7      | Reached skill level 8 in Invocations
  6096 | D:8      | Reached XP level 10. HP: 80/80 MP: 16/16
  6252 | D:8      | Paralysed by a hornet for 1 turns
  6601 | D:9      | Noticed a two-headed ogre
  6607 | D:9      | Killed a two-headed ogre
  6608 | D:9      | Reached skill level 9 in Invocations
  6733 | D:9      | Reached skill level 5 in Shields
  6864 | D:9      | Noticed Jeremiah
  6890 | D:9      | Killed Jeremiah
  7023 | D:9      | Found a staircase to the Lair.
  7430 | D:10     | Entered Level 10 of the Dungeon
  7489 | D:10     | Noticed an orc knight
  7499 | D:10     | Killed an orc knight
  7500 | D:10     | Reached skill level 10 in Invocations
  7500 | D:10     | Identified the ring of Xida {Fire Will+ Int+3 Dex+3}
  7500 | D:10     | Noticed a deep elf pyromancer
  7512 | D:10     | Killed a deep elf pyromancer
  7921 | D:10     | Found a flagged portal.
  7934 | Bailey   | Entered a bailey
  7947 | Bailey   | Reached **** piety under Qazlal
  7958 | Bailey   | Gained mutation: You are mostly covered in large bone
                  | plates. (SH +6) [demonic ancestry]
  7958 | Bailey   | Reached XP level 11. HP: 85/89 MP: 18/18
  8057 | Bailey   | Noticed Prince Ribbit
  8057 | Bailey   | Noticed a vault guard
  8066 | Bailey   | Killed a vault guard
  8067 | Bailey   | Reached skill level 11 in Invocations
  8068 | Bailey   | Killed Prince Ribbit
  8123 | Bailey   | Noticed a vault guard
  8149 | Bailey   | Killed a vault guard
  8984 | D:11     | Noticed a two-headed ogre
  8989 | D:11     | Killed a two-headed ogre
  8990 | D:11     | Reached skill level 10 in Fighting
  9052 | D:11     | Noticed a two-headed ogre
  9057 | D:11     | Killed a two-headed ogre
  9166 | D:11     | Identified the +2 ring mail of Muemila {rN+ Regen+ Dex+2}
  9323 | D:11     | Reached skill level 12 in Invocations
  9571 | D:11     | Noticed Urug
  9582 | D:11     | Killed Urug
  9962 | D:11     | Found a portal to a secret trove of treasure.
 10170 | D:12     | Noticed a deep elf pyromancer
 10188 | D:12     | Killed a deep elf pyromancer
 10286 | D:12     | Gained mutation: A weak demonic guardian rushes to your
                  | aid. [demonic ancestry]
 10286 | D:12     | Reached XP level 12. HP: 91/98 MP: 21/21
 10387 | D:12     | Found a staircase to the Orcish Mines.
 11311 | D:7      | Bought the necklace of Bloodlust {Fury *Rage Will++ Int-3
                  | Slay+6} for 543 gold pieces
 11311 | D:7      | Found the necklace of Bloodlust {Fury *Rage Will++ Int-3
                  | Slay+6}
 11488 | Orc:1    | Entered Level 1 of the Orcish Mines
 11488 | Orc:1    | Found Ridowa's Weapon Shoppe.
 11496 | Orc:1    | Reached skill level 10 in Axes
 11641 | Orc:2    | Entered Level 2 of the Orcish Mines
 11724 | Orc:2    | Found a staircase to the Elven Halls.
 11809 | Orc:1    | Noticed Snorg
 11809 | Orc:1    | Noticed Erica
 11809 | Orc:1    | Found Zut Hes's Firing Range.
 11814 | Orc:1    | Killed Erica
 11819 | Orc:1    | Killed Snorg
 11820 | Orc:1    | Reached skill level 13 in Invocations
 11926 | Orc:1    | Bought 2 throwing nets for 102 gold pieces
 12427 | Orc:2    | Found Alyirch's Book Emporium.
 12554 | Orc:2    | Noticed an orc high priest
 12567 | Orc:2    | Noticed Saint Roka
 12568 | Orc:2    | Killed an orc high priest
 12568 | Orc:2    | Reached ***** piety under Qazlal
 12585 | Orc:2    | HP: 2/150 [Saint Roka/divine providence (15)]
 12588 | Orc:2    | Mangled by Saint Roka

Illustrated notes

Levels and vault maps discovered:
D:1:      lightli_arrival_isolated_outpost, layout_loops_ring
D:2:      layout_basic, basic_altar, kennysheep_pointless_box,
          minmay_splitting_lines, minmay_surrounded, uniq_natasha
D:3:      kennysheep_six_static_rooms, layout_loops_ring, minitemple,
          shapermc_ecumenical_altar_notcrosses, uniq_crazy_yiuf_cottage,
          uniq_grinder, uniq_ijyb, uniq_robin
D:4:      layout_loops_ring, nicolae_overflow_crystal_walls, minmay_misc_feat_x,
          uniq_menkaure
D:5:      layout_loops_cross, uniq_edmund
D:6:      layout_loops_ring, temple_fountains
D:7:      layout_basic, serial_park_tiny_1, hangedman_decor_lopped,
          serial_bayou_pond_e, nicolae_inconvenience_store, uniq_joseph
D:8:      layout_basic
D:9:      minmay_general_purpose_star, layout_loops_ring, dpeg_oklobed_lair,
          uniq_jeremiah
D:10:     layout_irregular_city, serial_co_window_serial, co_window_corner_a,
          co_window_paths_a, co_window_of_opportunity_a, co_window_paths_a,
          co_window_paths_b, co_window_broadway_c, co_window_corner_ca,
          co_window_of_opportunity_b, co_window_of_opportunity_c,
          co_window_unsneaky_path_c, co_window_corner_ca, co_window_corner_b,
          glass_columns_b, glass_columns_b, enter_bailey_7,
          chequers_serial_rivers_micro_c, minmay_checkerbox
D:11:     layout_loops_corners, nicolae_trove_entry_columns, uniq_urug
D:12:     layout_loops_corners, erik_orc_3
Orc:1:    layout_diamond_mine, serial_shops, nicolae_shop_advertising_works
          [nicolae_subvault_shop_adworks], nicolae_shop_firing_range,
          uniq_snorg, uniq_erica
Orc:2:    grunt_orc_community_town_hall, layout_caves,
          grunt_orc_community_big_house_1, grunt_orc_community_big_house_2,
          grunt_orc_community_house_3, grunt_orc_community_house_2,
          grunt_orc_community_house_2, grunt_orc_community_house_3,
          serial_shops, nicolae_shop_rolling_square, nicolae_orc_rockfall,
          uniq_jorgrun

Skill      XL: |  1  2  3  4  5  6  7  8  9 10 11 12 |
---------------+-------------------------------------+-----
Throwing       | 2 |  2.0
Axes           | 3 4 5 6 7 8 9 10 | 10.6
Dodging        | 3 |  3.0
Fighting       | 3 4 5 6 7 9 10 11 | 11.4
Armour         | 1 2 3 4 |  4.0
Invocations    | 2 3 4 6 8 10 12 13 | 13.6
Shields        | 2 4 6 7 8 |  8.8

Action                     |  1- 3 |  4- 6 |  7- 9 | 10-12 || total
---------------------------+-------+-------+-------+-------++-------
  Melee: War axe           |    55 |   144 |   197 |   175 ||   571
         Punch             |     2 |     1 |     2 |     4 ||     9
         Touch             |       |       |    42 |    75 ||   117
         Broad axe         |       |       |       |   214 ||   214
 Invoke: Upheaval          |       |       |       |     7 ||     7
    Use: Scroll            |       |       |       |    19 ||    19
         Potion            |       |       |       |     1 ||     1
 Armour: Leather armour    |    33 |     3 |       |       ||    36
         Plate armour      |       |    86 |   177 |   287 ||   550
  Dodge: Dodged            |    32 |    24 |    52 |   100 ||   208
         Repelled          |       |       |       |     1 ||     1
  Block: Other             |       |    10 |    59 |   141 ||   210

Table legend: (Time is in decaauts)
 A = Elapsed time spent in this place.
 B = Non-inter-level travel time spent in this place.
 C = Inter-level travel time spent in this place.
 D = Time resting spent in this place.
 E = Time spent auto-exploring this place.
 F = Levels seen in this place.
 G = Mean time per level.
                   A        B        C        D        E       F      G
               +--------+--------+--------+--------+--------+-----+--------+
         Total |  12811 |  11930 |    881 |   1484 |   7967 |  15 |  854.1 |
       Dungeon |  11229 |  10386 |    843 |    925 |   7436 |  12 |  935.8 |
  Orcish Mines |   1162 |   1125 |     37 |    404 |    529 |   2 |  581.0 |
        Bailey |    419 |    419 |      0 |    155 |      2 |   1 |  419.0 |
               +--------+--------+--------+--------+--------+-----+--------+

Top non-repeatable levels by time:
    D:11: 1245 daAuts
     D:3: 1243 daAuts
    D:12: 1150 daAuts
    D:10: 1075 daAuts
     D:2: 992 daAuts
     D:7: 968 daAuts
     D:8: 902 daAuts
     D:9: 873 daAuts
     D:4: 815 daAuts
     D:5: 687 daAuts
     D:1: 667 daAuts
   Orc:1: 648 daAuts
     D:6: 606 daAuts
   Orc:2: 514 daAuts
  Bailey: 419 daAuts
